AoeStats
← _LY_抖音肥龙

Socotra

505064172Analyzed
4v4 RM · 24d ago on Sep 7, 2026· 38m 39s· 8 players
Game mode
Random Map
Map size
148×148
Population
200
Speed
Normal
Resources
Standard
Victory
Conquest
Starting age
Dark Age
Ending age
Imperial Age
RankedLock teamsTeams togetherTeam positionsShared explorationLock speedFull tech treeHidden civsTurbo modeCheats
Victory
Defeat
🇭🇰 Spanish · Hong Kong SAR China
1790
+4
🇨🇳 Koreans · China
1630
+8
🇨🇳 Teutons · China
1581
+10
🇨🇳 Spanish · China
1174
+24
🇨🇱 Jurchens · Chile
1462
-12
🇬🇧 Lithuanians · United Kingdom
1445
-12
🇩🇪 Byzantines · Germany
1430
-11
🇩🇪 Magyars · Germany
1422
-11
MyNameIsLassen
6:52 Loom
8:54 Feudal Age
9:36 Double-Bit Axe
9:47 Horse Collar
15:34 Scale Barding Armor
22:36 Castle Age
21:02 Gold Mining
21:54 Bloodlines
23:35 Bow Saw
24:08 Wheelbarrow
24:42 Chain Barding Armor
25:53 Husbandry
32:12 Town Watch
33:20 Heavy Plow
36:12 Hand Cart
Based Lettuce
5:42 Loom
9:01 Feudal Age
12:11 Wheelbarrow
13:47 Double-Bit Axe
21:11 Castle Age
29:52 Horse Collar
32:39 Sanctity
32:42 Heavy Plow
32:59 Hand Cart
35:24 Fervor
38:34 Imperial Age
36:19 Bloodlines
36:10 Husbandry
38:26 Redemption
mode maelle
9:00 Loom
11:26 Feudal Age
12:03 Double-Bit Axe
13:57 Fletching
17:12 Wheelbarrow
23:17 Castle Age
21:50 Padded Archer Armor
23:58 Bodkin Arrow
23:29 Elite Skirmisher
27:49 Ballistics
33:58 Leather Archer Armor
DD2E shaulitox
7:02 Loom
9:35 Feudal Age
19:56 Fletching
21:19 Double-Bit Axe
27:48 Castle Age
29:31 Bodkin Arrow
30:17 Crossbowman
31:56 Bow Saw
38:47 Wheelbarrow
_LY_抖音肥龙
8:19 Loom
10:24 Feudal Age
14:08 Castle Age
12:26 Double-Bit Axe
12:39 Horse Collar
15:56 Wheelbarrow
20:59 Padded Archer Armor
23:59 Leather Archer Armor
26:01 Herbal Medicine
27:09 Husbandry
27:31 Devotion
29:25 Bloodlines
30:24 Heavy Plow
32:10 Hand Cart
33:14 Gold Mining
41:24 Imperial Age
给你一棒槌
6:05 Loom
8:53 Feudal Age
20:20 Fletching
26:52 Castle Age
27:26 Double-Bit Axe
27:29 Horse Collar
27:57 Bodkin Arrow
30:24 Guard Tower
32:00 Ballistics
云层贩卖心动
9:25 Loom
11:33 Feudal Age
14:00 Double-Bit Axe
16:24 Man-at-Arms
19:42 Castle Age
18:23 Horse Collar
18:59 Fletching
21:41 Thumb Ring
21:37 Bodkin Arrow
25:15 Gold Mining
25:38 Bow Saw
26:51 Gold Shaft Mining
29:47 Husbandry
31:10 Squires
30:55 Gambesons
33:00 Scale Mail Armor
33:11 Forging
35:37 Arson
36:18 Chain Mail Armor
37:25 Heavy Plow
39:15 Wheelbarrow
lostRiver
11:44 Feudal Age
13:09 Loom
18:07 Castle Age
16:09 Horse Collar
18:20 Bloodlines
20:11 Double-Bit Axe
22:16 Bow Saw
22:38 Padded Archer Armor
24:24 Wheelbarrow
25:50 Leather Archer Armor
32:16 Heavy Plow
32:40 Hand Cart
35:42 Imperial Age
34:21 Scale Barding Armor
34:50 Husbandry
35:57 Chain Barding Armor
36:18 Forging
35:59 Cavalier
38:12 Plate Barding Armor
Connection lost

Rejoining the realm…

Still unreachable

The connection could not be restored.

Session expired

The server has moved on; the page needs a fresh start.